Map: Mist Opportunities

Players

NamroodTuo

  • Race: Zerg Zerg

LEDING

  • Race: Terran Terran
  • Spawn Location: 6:00

VOD

Have the link to the VOD?

Description

Time

  • Played on: Dec. 26, 2022, 12:34 p.m.
  • Length: 30:06
Show
View Real Time Build Order
Export as new Build Order

NamroodTuo Zerg 

Build Orders:  

Get SALT Encoding   

  12  0:05  Infested SCV  
  13  0:15  Infested SCV  
  14  0:32  Overlord  
  14  0:42  Infested Barracks  
  14  0:51  Infested SCV  
  15  1:08  Infested SCV  
  16  1:26  Infested SCV  
  16  1:28  Overlord  
  16  1:29  Overlord  
  17  1:45  Infested Marine  
  18  1:54  Infested SCV  
  19  2:02  Infested SCV  
  20  2:21  Infested Engineering Bay  
  20  2:22  Infestation Level 1  
  20  2:32  Infested Refinery  
  20  2:34  Infested Refinery  
  20  2:35  Infested SCV  
  20  2:36  Infested SCV  
  22  3:09  Infested Missile Turret  
  22  3:13  Infested SCV  
  22  3:15  Infested SCV  
  22  3:17  Infested SCV  
  24  4:00  Infested Factory  
  24  4:01  Infested Barracks Tech Lab  
  24  4:57  Infested Marine x2  
  24  4:58  Infested Marine x3  
  24  4:59  Infested Marine x4  
  33  5:00  Infested Marine  
  34  5:13  Infested Marine  
  34  5:14  Infested Marine x2  
  34  5:16  Retinal Augmentation  
  37  5:23  Stukov Infantry Weapons Level 1  
  37  5:49  Infested Marine  
  38  5:50  Infested Marine  
  38  5:55  Overlord x4  
  38  5:56  Overlord  
  39  6:18  Infested Command Center  
  39  6:39  Infested SCV  
  32  6:40  Infested SCV  
  31  6:50  Infested Barracks  
  31  6:57  Unknown  
  28  7:00  Infested SCV  
  28  7:01  Infested SCV  
  29  7:32  Infested Barracks  
  29  7:35  Infested Marine x2  
  29  7:36  Infested Marine  
  31  7:48  Infested Armory  
  31  7:51  Infested Barracks  
  31  7:54  Infested Marine x2  
  31  7:55  Infested Marine x3  
  31  7:56  Infested Marine  
  37  8:03  Stukov Infantry Armor Level 1  
  37  8:34  Infested Barracks  
  37  8:51  Infested SCV x4  
  37  8:52  Infested SCV  
  37  8:57  Infested SCV x3  
  37  8:58  Infested SCV x2  
  47  9:11  Infestation Level 2  
  44  9:38  Infested Marine  
  44  9:39  Infested Marine x11  
  50  9:40  Infested Marine x19  
  69  10:21  Infested Marine x10  
  79  10:33  Infested Refinery  
  79  10:43  Stukov Infantry Weapons Level 2  
  79  10:46  Infested SCV x4  
  79  10:47  Infested SCV  
  48  11:42  Infested Refinery  
  38  12:23  Infested Marine  
  38  12:24  Infested Marine x21  
  38  12:25  Infested Marine x20  
  38  12:26  Infested Marine  
  38  12:27  Infested Marine x7  
  86  13:44  Infested Marine  
  86  13:45  Infested Marine x7  
  94  13:53  Overlord x3  
  94  13:56  Overlord x2  
  94  13:57  Overlord x5  
  46  14:59  Infested Bunker  
  50  15:13  Infested SCV x2  
  50  15:14  Infested SCV x3  
  50  15:18  Stukov Infantry Weapons Level 3  
  55  15:22  Infestation Level 3  
  55  15:25  Aggressive Incubation  
  47  15:41  Infested Marine  
  47  15:42  Infested Marine x19  
  47  15:45  Infested Marine x7  
  47  15:46  Infested Marine x17  
  91  15:58  Infested Marine  
  48  17:35  Infested Marine  
  48  17:36  Infested Marine x20  
  48  17:37  Infested Marine x20  
  92  18:06  Infested Bunker  
  100  18:25  Infested Bunker  
  100  18:28  Infested Bunker  
  100  18:30  Infested Marine  
  100  18:31  Infested Marine x16  
  100  18:32  Infested Marine x22  
  100  18:37  Infested SCV x3  
  100  18:38  Infested SCV x2  
  144  18:42  Overlord x4  
  144  18:59  Infested Missile Turret  
  98  20:13  Infested Marine  
  98  20:14  Infested Marine x16  
  98  20:15  Infested Marine x16  
  93  20:22  Regenerative Plating  
  93  20:36  Infested Marine  
  93  20:37  Infested Marine x17  
  93  20:38  Infested Marine x8  
  119  21:02  Infested Marine  
  119  21:03  Infested Marine x13  
  119  21:04  Infested Marine x17  
  122  21:22  Calcified Armor  
  122  21:27  Infested Marine  
  122  21:28  Infested Marine x13  
  122  21:29  Infested Marine x12  
  102  22:22  Stukov Infantry Armor Level 2  
  102  22:28  Infested Marine  
  102  22:29  Infested Marine x10  
  105  22:30  Infested Marine x23  
  105  22:31  Infested Marine x12  
  140  22:46  Infested Marine  
  140  22:47  Infested Marine x18  
  125  23:11  Infested Marine  
  125  23:12  Infested Marine x19  
  125  23:13  Infested Marine x5  
  125  23:17  Infested SCV x2  
  151  23:34  Infested Marine x11  
  151  23:35  Infested Marine x12  
  174  23:57  Infested Marine x4  
  174  23:58  Infested Marine x18  
  187  24:17  Infested Marine  
  187  24:18  Infested Marine x20  
  51  26:16  Infested Marine  
  51  26:17  Infested Marine x11  
  51  26:18  Infested Marine x25  
  51  26:19  Infested Marine x7  
  95  27:19  Infested Marine x10  
  105  27:20  Infested Marine x23  
  105  27:21  Infested Marine x17  
  101  28:31  Infested Marine  
  101  28:32  Infested Marine x22  
  101  28:33  Infested Marine  
  117  28:55  Infested Marine  
  117  28:56  Infested Marine x4  
  80  29:24  Infested Marine x10  
  80  29:25  Infested Marine x20  
Show
View Real Time Build Order
Export as new Build Order

LEDING Terran 

Build Orders:  

Get SALT Encoding   

  12  0:04  SCV  
  13  0:21  SCV  
  14  0:37  SCV  
  15  0:42  Supply Depot  
  15  0:54  SCV  
  16  1:11  SCV  
  16  1:14  Refinery  
  17  1:26  Refinery  
  17  1:28  SCV  
  18  1:45  SCV  
  19  1:57  Barracks  
  19  2:02  SCV  
  20  2:17  Supply Depot  
  20  2:19  SCV  
  21  2:32  Barracks Reactor  
  21  2:36  SCV  
  21  2:39  Barracks  
  22  2:53  SCV  
  23  3:10  SCV  
  23  3:15  Barracks Tech Lab  
  24  3:22  Marine x2  
  24  3:23  Supply Depot  
  24  3:27  SCV  
  27  3:32  Marine x2  
  27  3:33  Supply Depot  
  29  3:44  SCV  
  29  3:45  Medic  
  29  3:49  Engineering Bay  
  32  3:55  Medic  
  32  3:59  Marine  
  25  4:00  Marine  
  34  4:01  SCV  
  37  4:12  Marine x2  
  39  4:58  Marine x2  
  39  5:02  Medic  
  39  5:08  Marine x2  
  43  5:12  Medic  
  47  5:47  Terran Infantry Weapons Level 1  
  47  5:54  Engineering Bay  
  47  6:09  Marine x2, Supply Depot  
  47  6:18  Supply Depot  
  49  6:20  Marine x2  
  49  6:25  Supply Depot  
  51  6:30  Marine x2  
  51  6:38  Terran Infantry Armor Level 1  
  53  6:40  Marine x2  
  53  6:44  Factory  
  55  6:50  Marine x2  
  55  6:51  Medic  
  59  7:00  Marine  
  59  7:01  Marine, Medic  
  63  7:12  Marine  
  64  7:22  Marine  
  64  7:25  Marine x2  
  67  7:32  Marine  
  67  7:35  Marine x2  
  70  8:00  Armory  
  70  8:04  Marine  
  71  8:20  Supply Depot  
  71  8:21  Marine x2, Medic  
  71  8:26  Supply Depot  
  75  8:31  Marine, Medic  
  77  9:11  Terran Infantry Weapons Level 2, Supply Depot  
  77  9:20  Terran Infantry Armor Level 2, Supply Depot  
  77  9:31  Marine  
  77  9:32  Marine  
  77  9:35  Medic  
  81  9:42  Marine x2  
  81  9:45  Marine  
  84  9:50  Supply Depot  
  84  10:16  Supply Depot  
  84  10:28  Marine x2  
  84  10:38  Marine x2  
  86  10:45  Supply Depot  
  86  10:48  Marine x2  
  88  10:58  Marine  
  88  10:59  Marine  
  90  11:00  Supply Depot  
  90  11:09  Marine x2  
  92  11:12  Medic  
  96  11:22  Marine  
  97  11:32  Marine  
  98  11:43  Marine  
  97  13:19  Marine x2  
  97  13:23  Medic  
  97  13:29  Marine  
  100  13:30  Marine  
  100  13:33  Medic  
  83  13:40  Marine x2  
  104  13:44  Marine  
  106  13:50  Marine x2  
  106  13:54  Marine  
  109  14:03  Terran Infantry Weapons Level 3  
  109  14:04  Marine  
  109  14:05  Terran Infantry Armor Level 3, Marine  
  109  14:06  Marine  
  112  14:15  Marine  
  112  14:16  Marine  
  113  14:26  Marine x2  
  114  14:36  Marine x2  
  115  14:50  Marine x2  
  115  14:53  Medic  
  119  15:00  Marine x2  
  119  15:04  Medic  
  123  15:10  Marine  
  123  15:11  Marine  
  123  15:14  Medic  
  127  15:21  Marine x2  
  127  15:24  Marine  
  130  15:31  Supply Depot  
  130  15:34  Marine  
  130  15:39  Supply Depot  
  131  15:44  Marine x2  
  131  15:48  Medic  
  133  15:54  Marine x2  
  133  15:58  Marine  
  135  16:00  Supply Depot  
  135  16:04  Marine  
  135  16:05  Marine  
  135  16:08  Marine  
  133  16:15  Marine x2  
  133  16:18  Marine  
  136  16:28  Marine  
  135  17:35  Marine x2  
  135  17:38  Medic  
  137  17:45  Marine x2  
  137  17:48  Medic  
  141  17:55  Marine  
  141  17:56  Marine  
  141  17:57  Supply Depot  
  141  17:59  Marine  
  145  18:03  Supply Depot  
  145  18:06  Marine x2  
  145  18:09  Marine  
  148  18:11  Supply Depot  
  148  18:17  Supply Depot  
  148  18:19  Marine  
  149  18:26  Supply Depot  
  150  18:35  Supply Depot  
  150  18:39  Marine x2  
  150  18:43  Marine  
  150  18:49  Marine x2  
  153  18:53  Marine  
  153  18:59  Marine x2  
  156  19:03  Marine  
  156  19:09  Marine  
  116  19:10  Marine  
  159  19:13  Marine  
  162  19:23  Marine x2  
  162  19:24  Marine  
  165  19:33  Marine x2  
  165  19:34  Medic  
  169  19:43  Marine  
  169  19:44  Marine x2  
  172  19:54  Marine x3  
  174  20:36  Marine x2  
  174  20:39  Medic  
  176  20:46  Marine x2  
  176  20:49  Marine  
  179  20:56  Marine x2  
  182  21:00  Marine  
  182  21:06  Marine  
  182  21:07  Marine  
  184  21:10  Marine  
  184  21:17  Marine x2  
  186  21:20  Marine  
  186  21:27  Marine x2  
  188  21:37  Marine x2  
  190  21:47  Marine x2  
  190  21:48  Medic  
  192  21:57  Marine x2  
  192  21:58  Medic  
  117  24:53  Marine x2  
  117  24:57  Medic  
  119  25:04  Marine x2  
  119  25:07  Medic  
  123  25:14  Marine x2  
  123  25:18  Medic  
  126  25:24  Marine x2  
  126  25:28  Marine  
  130  25:38  Marine  
  129  26:51  Marine x2  
  129  26:55  Marine  
  132  27:01  Marine x2  
  132  27:06  Marine  
  134  27:11  Marine x2  
  134  27:16  Marine  
  134  27:21  Marine x2  
  134  27:26  Marine  
  137  27:36  Marine  
  132  27:41  Marine x2  
  134  27:51  Marine x2  
  136  28:01  Marine x2  
  138  28:11  Marine  
  138  28:12  Marine  
  113  29:12  Marine  
  113  29:13  Marine  
  113  29:16  Marine  
  116  29:23  Marine x2  
  116  29:26  Marine  
  119  29:33  Marine x2  
  119  29:36  Marine  
Tags
 
Add a new tag
Caveats
  • Supply blocks, unpowered buildings, or Contaminate may cause inaccurate times.
  • Supply counts are checked every 10 seconds.